 Dungeon Crawl Stone Soup version 0.31.0 (webtiles) character file.

Game seed: 15812609354588123561

64 qw the Shooter (level 4, -4/28 HPs)
             Began as a Gargoyle Hunter on Jan 19, 2024.
             Slain by Terence
             ... wielding a +0 flail
              (8 damage)
             ... on level 2 of the Dungeon.
             The game lasted 00:00:03 (1044 turns).

qw the Shooter (Gargoyle Hunter)                    Turns: 1044, Time: 00:00:03

Health: -4/28      AC:  6    Str: 15    XL:     4   Next: 12%
Magic:  4/4        EV: 11    Int:  9    God:
Gold:   86         SH:  0    Dex: 15    Spells: 3/3 levels left

rFire   . . .        a - +0 shortbow
rCold   . . .        (shield currently unavailable)
rNeg    + . .        c - +0 leather armour
rPois   inf          (no helmet)
rElec   +            (no cloak)
rCorr   .            (no gloves)
SInv    .            (no boots)
Will    .....        (no amulet)
Stlth   ++           (no ring)
HPRegen 0.24/turn    (no ring)
MPRegen 0.09/turn

%: no passive effects
@: no status effects
A: sickness immunity, AC +3, negative energy resistance 1, electricity
resistance, torment resistance 1, petrification resistance
a: no special abilities


You were on level 2 of the Dungeon.
You visited 1 branch of the dungeon, and saw 2 of its levels.

You collected 86 gold pieces.


Innate Abilities, Weirdness & Mutations

You are immune to sickness and miasma.
Your stone body is resilient. (AC +3)
You are immune to poison.
You resist negative energy. (rN+)
You are resistant to electric shocks. (rElec)
You are resistant to unholy torment.
You are immune to petrification.


   Skills:
 - Level 3.1 Fighting
 + Level 5.1 Ranged Weapons
 - Level 1.5 Dodging
 - Level 1.1 Stealth


You had 3 spell levels left.
You didn't know any spells.
Your spell library was empty.

Inventory:

Hand Weapons
 a - a +0 shortbow (weapon)
Armour
 c - a +0 leather armour (worn)
Potions
 e - a potion of curing {unknown}
 h - a potion of heal wounds {unknown}

Dungeon Overview and Level Annotations

Branches:
Dungeon (2/15)

Altars:

Annotations:
D:2 Terence


Message History

You shoot an arrow. The arrow hits the hobgoblin.
You kill the hobgoblin!
A rat comes into view.
The goblin hits you but does no damage.
You shoot an arrow. The rat squeaks loudly.
The arrow hits the goblin.
The goblin is moderately wounded.
You hear a shout! x2
Terence the Incautious comes into view.
He is wielding a +0 flail.
The goblin hits you with a +0 club. The goblin barely misses you.
Terence moves out of view.
You shoot an arrow. The arrow misses the goblin.
The goblin hits you but does no damage.
You shoot an arrow. The arrow completely misses the goblin.
The goblin barely misses you.
You shoot an arrow. The arrow hits the goblin.
You kill the goblin!
The rat bites you but does no damage. The dart slug closely misses you.
You shoot an arrow. The arrow barely misses the dart slug.
The rat bites you but does no damage.
The dart slug bites you but does no damage.
You shoot an arrow. The arrow hits the dart slug.
The dart slug is lightly wounded.
The rat bites you but does no damage. The dart slug launches a dart at you.
The slug dart hits you.
You shoot an arrow.
The arrow hits the dart slug but does no damage.
The dart slug is lightly wounded.
Terence barely misses you.
The rat bites you but does no damage. x2
Terence misses you.
You shoot an arrow. The arrow hits the dart slug!
You kill the dart slug!
Terence hits you with a +0 flail. The rat bites you.
You shoot an arrow.
The arrow hits Terence but does no damage.
Terence hits you with a +0 flail!
You die...
Terence says, "That felt goooood."

........
........
........
........###
.<........# ..
..........##....
.......#<.......
......))@#......
.......@## ...>.
.......)r.......
......####......
>..... .....
...... ....
..... .. ..... .
....


You could see Terence and a rat.

Vanquished Creatures
  A gnoll (D:1)
  An adder (D:2)
  3 dart slugs
  2 ball pythons (D:1)
  2 bats
  3 endoplasms
  5 hobgoblins
  3 kobolds (D:1)
  3 quokkas (D:1)
  A frilled lizard (D:1)
  9 goblins
  2 rats (D:1)
35 creatures vanquished.

Notes
Turn   | Place    | Note
-------+----------+-------------------------------------------
     0 | D:1      | qw the Gargoyle Hunter began the quest for the Orb.
     0 | D:1      | Reached XP level 1. HP: 12/12 MP: 1/1
     0 | D:1      | 0 ||| qw: Version: 0.3-a-132-g3d54051
     0 | D:1      | 0 ||| qw: Game counter: 115
     0 | D:1      | 0 ||| qw: Melee chars always use a shield: true
     0 | D:1      | 0 ||| qw: God list: Okawaru
     0 | D:1      | 0 ||| qw: Allow faded altars: false
     0 | D:1      | 0 ||| qw: Do Orc after clearing Dungeon:15 true
     0 | D:1      | 0 ||| qw: Do second Lair branch before Depths: true
     0 | D:1      | 0 ||| qw: Lair rune preference: random
     0 | D:1      | 0 ||| qw: Goals: Normal
     0 | D:1      | 0 ||| PLANNING D:1-11
    81 | D:1      | Reached XP level 2. HP: 17/17 MP: 2/2
   208 | D:1      | Reached XP level 3. HP: 19/21 MP: 3/3
   274 | D:1      | Reached skill level 5 in Ranged Weapons
   944 | D:1      | 944 ||| READING scroll labelled QATTYR ETUDON.
   945 | D:1      | 945 ||| READING scroll labelled ZOUBUTSYALL.
   945 | D:1      | 945 ||| IDENTIFYING dark potion
   946 | D:1      | 946 ||| DRINKING 2 coppery potions.
   974 | D:1      | 974 ||| DROPPING scroll of butterflies.
   975 | D:1      | 975 ||| DROPPING potion of ambrosia.
   976 | D:1      | 976 ||| DROPPING potion of lignification.
  1025 | D:2      | Reached skill level 3 in Fighting
  1034 | D:2      | Reached XP level 4. HP: 10/28 MP: 4/4
  1036 | D:2      | Noticed Terence
  1036 | D:2      | HP: 6/28 [goblin/+0 club[Robin] (2)]
  1041 | D:2      | HP: 7/28 [dart slug/slug dart (1)]
  1043 | D:2      | HP: 3/28 [rat (2)]
  1044 | D:2      | Slain by Terence

Levels and vault maps discovered:
D:1:      kennysheep_arrival_seaside, layout_loops_corners
D:2:      layout_rooms, dreamdust_ecumenical_altar_drowned_temple, uniq_robin,
          uniq_terence

Skill      XL: |  1  2  3 |
---------------+----------+-----
Ranged Weapons | 5 |  5.1
Fighting       | 3 |  3.1
Dodging        | |  1.5
Stealth        | |  1.1

Action                     |  1- 3 |  4- 6 || total
---------------------------+-------+-------++-------
   Fire: Shortbow          |    96 |    11 ||   107
    Use: Scroll            |     2 |       ||     2
         Potion            |     1 |       ||     1
 Armour: Leather armour    |    38 |    14 ||    52
  Dodge: Dodged            |    41 |     6 ||    47

Table legend:
 A = Non-vault XP
 B = Vault XP
 C = Vault XP percentage of total XP
 D = Non-vault monster count
 E = Vault monster count
 F = Vault count percentage of total count
                 A         B        C        D         E       F
            +---------+---------+-------+---------+---------+-------
      Total |      86 |       6 |   6.5 |      32 |       3 |   8.6
            +---------+---------+-------+---------+---------+-------
        D:1 |      62 |       0 |   0.0 |      26 |       0 |   0.0
        D:2 |      24 |       6 |  20.0 |       6 |       3 |  33.3
            +---------+---------+-------+---------+---------+-------
